AoeStats
← Euro050

Arabian Desert

510176965Analyzed
1v1 RM · 2d ago on Sep 29, 2026· 43m 6s· 2 players
Game mode
Random Map
Map size
Tiny (2 player)
Population
200
Speed
Normal
Resources
Standard
Victory
Conquest
Starting age
Dark Age
Ending age
Imperial Age
RankedLock teamsTeams togetherTeam positionsShared explorationLock speedFull tech treeHidden civsTurbo modeCheats
Victory
Defeat
🇳🇱 Goths · Netherlands
1543
+12
🇩🇪 Khmer · Germany
1458
-12
Euro050
6:20 Loom
9:19 Feudal Age
9:52 Double-Bit Axe
9:34 Man-at-Arms
11:56 Horse Collar
16:18 Fletching
22:16 Castle Age
20:59 Padded Archer Armor
21:03 Scale Mail Armor
22:17 Crossbowman
22:54 Bodkin Arrow
23:02 Squires
22:24 Long Swordsman
25:42 Heavy Plow
28:15 Wheelbarrow
31:25 Hand Cart
31:20 Bow Saw
31:54 Town Watch
36:08 Imperial Age
35:34 Forging
35:39 Chain Mail Armor
35:38 Forging
36:19 Two-Handed Swordsman
37:18 Champion
38:34 Iron Casting
39:26 Chemistry
38:54 Stone Mining
38:54 Gold Mining
39:51 Conscription
41:28 Elite Huskarl
43:33 Stone Shaft Mining
Invictus SPQR
6:44 Loom
8:51 Feudal Age
7:12 Loom
9:33 Double-Bit Axe
13:17 Town Watch
14:57 Wheelbarrow
18:06 Fletching
19:44 Padded Archer Armor
21:47 Castle Age
19:50 Horse Collar
22:09 Bloodlines
22:13 Forging
23:01 Bodkin Arrow
22:36 Elite Skirmisher
23:52 Bow Saw
29:27 Hand Cart
36:59 Imperial Age
36:46 Ballistics
41:11 Bracer
Connection lost

Rejoining the realm…

Still unreachable

The connection could not be restored.

Session expired

The server has moved on; the page needs a fresh start.